 Dungeon Crawl Stone Soup version 0.26.1-11-gd32895ea62 (webtiles) character file.

Game seed: 4353365209053142136

282 raph the Grave Robber (level 6, -10/41 HPs)
             Began as a Human Necromancer on May 12, 2021.
             Mangled by Menkaure (14 damage)
             ... on level 4 of the Dungeon.
             The game lasted 00:06:50 (4700 turns).

raph the Grave Robber (Human Necromancer)           Turns: 4700, Time: 00:06:50

Health: -10/41     AC:  5    Str:  9    XL:     6   Next: 54%
Magic:  10/10      EV: 13    Int: 17    God:
Gold:   206        SH:  4    Dex: 13    Spells: 5/10 levels left

rFire    . . .     SeeInvis +   a - +2 short sword (drain)
rCold    . . .     Faith    .   d - +0 buckler
rNeg     . . .     Spirit   .   k - +0 robe
rPois    .         Reflect  .   (no helmet)
rElec    .         Harm     .   (no cloak)
rCorr    .         Rampage  .   (no gloves)
Will     .....                  q - +2 pair of boots
Stlth    ++........             (no amulet)
HPRegen  0.13/turn              b - ring of see invisible
MPRegen  0.12/turn              s - ring of flight

@: flying
A: no striking features
a: no special abilities


You were on level 4 of the Dungeon.
You visited 1 branch of the dungeon, and saw 4 of its levels.

You collected 206 gold pieces.

Inventory:

Hand Weapons
 a - a +2 short sword of draining (weapon)
 c - a +0 dagger
 n - a +1 whip of venom
 A - a +0 rapier
Missiles
 x - 8 poisoned darts (quivered)
Armour
 d - a +0 buckler (worn)
 k - a +0 robe (worn)
 q - a +2 pair of boots (worn)
Jewellery
 b - a ring of see invisible (left hand)
 s - a ring of flight (right hand)
Wands
 y - a wand of random effects (15)
 z - a wand of flame (16)
 B - a wand of polymorph (3)
Scrolls
 e - 6 scrolls of random uselessness {unknown}
 f - a scroll of enchant weapon {unknown}
 g - 2 scrolls of noise {unknown}
 m - a scroll of remove curse {unknown}
 p - 5 scrolls of amnesia {unknown}
 r - a scroll of immolation {unknown}
 t - 2 scrolls of identify {unknown}
 u - a scroll of teleportation {unknown}
 w - a scroll of blinking {unknown}
Potions
 h - a potion of ambrosia {unknown}
 i - a potion of flight
 j - 2 potions of heal wounds {unknown}
 l - 2 potions of berserk rage {unknown}
 o - a potion of haste {unknown}
 v - a potion of attraction {unknown}


   Skills:
 + Level 1.2 Short Blades
 + Level 3.0 Dodging
 + Level 3.1 Stealth
 + Level 2.0 Shields
 + Level 2.9 Spellcasting
 * Level 5.3 Necromancy


You had 5 spell levels left.
You knew the following spells:

 Your Spells              Type           Power        Failure   Level
a - Pain                  Necr           80%          2%          1
b - Animate Skeleton      Necr           40%          2%          1
c - Vampiric Draining     Necr           10%          8%          3

Your spell library contained the following spells:

 Spells                   Type           Power        Failure   Level
 Animate Dead             Necr           10%          26%         4
 Agony                    Necr           20%          56%         5


Dungeon Overview and Level Annotations

Branches:
Dungeon (4/15)
 Temple: D:4-7

Altars:

Annotations:
D:3 Sigmund
D:4 Menkaure


Message History

Press: ? - help, Shift-Dir - straight line, f/p - Menkaure
Aim: Menkaure (fast) Menkaure is unaffected.
Menkaure calls on the powers of darkness!
Your body is wracked with pain!
Unknown command.
You barely miss Menkaure.
Menkaure points at you and mumbles some strange words.
Pain shoots through your body! Menkaure hits you.
* * * LOW HITPOINT WARNING * * *
You hit Menkaure.
Menkaure is lightly damaged.
Menkaure mumbles a few words.
Menkaure points at you and mumbles some strange words.
Pain shoots through your body!
* * * LOW HITPOINT WARNING * * *
It was a potion of flight.
You feel very buoyant.
You fly up into the air.
Menkaure hits you!
You die...

...........#.#
#.# #....M....#.#
#.# #...........
#.# #.........###
#.# #..........<#
#.#
#....ww...###.#.#
#.............#.#
#####.#########.#
#..†M@......#
#############


You could see Menkaure (fast).

Vanquished Creatures
  Blork the orc (D:4)
  A howler monkey (D:4)
  Ijyb (D:3)
  A worker ant (D:4)
  3 gnolls
  4 adders
  3 worms
  A dart slug (D:4)
  2 leopard geckos
  2 orcs (D:4)
  6 bats
  4 giant cockroaches
  3 goblins (D:2)
  5 hobgoblins
  10 kobolds
  A quokka (D:2)
  5 frilled lizards
  4 rats
57 creatures vanquished.

Vanquished Creatures (collateral kills)
  A goblin (D:2)
  A hobgoblin (D:3)
  A bat (D:2)
3 creatures vanquished.

Grand Total: 60 creatures vanquished

Notes
Turn   | Place    | Note
-------+----------+-------------------------------------------
     0 | D:1      | raph the Human Necromancer began the quest for the Orb.
     0 | D:1      | Reached XP level 1. HP: 13/13 MP: 3/3
    52 | D:1      | Learned a level 1 spell: Animate Skeleton
   279 | D:1      | Reached XP level 2. HP: 16/19 MP: 1/5
  1381 | D:1      | Reached XP level 3. HP: 4/24 MP: 0/6
  1385 | D:1      | Learned a level 3 spell: Vampiric Draining
  2006 | D:2      | Reached skill level 1 in Shields
  2006 | D:2      | Reached XP level 4. HP: 25/30 MP: 2/7
  2956 | D:2      | Reached XP level 5. HP: 35/35 MP: 8/8
  3403 | D:3      | Noticed Sigmund
  3533 | D:3      | Noticed Ijyb
  3545 | D:3      | Killed Ijyb
  3796 | D:4      | Reached skill level 5 in Necromancy
  4191 | D:4      | Reached skill level 1 in Short Blades
  4191 | D:4      | Reached XP level 6. HP: 29/41 MP: 10/10
  4274 | D:4      | Noticed Blork the orc
  4293 | D:4      | Killed Blork the orc
  4680 | D:4      | Noticed Menkaure
  4700 | D:4      | Mangled by Menkaure

Illustrated notes

Levels and vault maps discovered:
D:1:      elethiomel_arrival_infinity_welcomes_careful_drivers,
          layout_loops_ring
D:2:      layout_rooms
D:3:      layout_rooms, okawaru_gym_becter, chequers_ecumenical_altar_grove,
          kennysheep_nub, st_stairs_4, uniq_sigmund, uniq_ijyb, uniq_terence,
          uniq_natasha
D:4:      layout_basic, minmay_temple_entry_enclosed_plants, uniq_blork_the_orc,
          uniq_menkaure

Skill      XL: |  1  2  3  4  5  6 |
---------------+-------------------+-----
Shields        | 1 2 |  2.0
Necromancy     | 5 |  5.3
Short Blades   | 1 |  1.2
Stealth        | 3 |  3.1
Dodging        | 3 |  3.0
Spellcasting   | |  2.9

Action                   |  1- 3 |  4- 6 || total
-------------------------+-------+-------++-------
Melee: Dagger            |    25 |       ||    25
       Short sword       |    14 |   114 ||   128
 Cast: Pain              |    28 |    23 ||    51
       Animate Skeleton  |     2 |     8 ||    10
       Vampiric Draining |       |     2 ||     2
Evoke: Wand              |       |     2 ||     2
  Use: Potion            |       |     1 ||     1
 Stab: Sleeping          |     2 |     4 ||     6
Armor: Robe              |     7 |    44 ||    51
Dodge: Dodged            |    36 |    79 ||   115
Block: Buckler           |     4 |    27 ||    31
